 Dungeon Crawl Stone Soup version 0.31.0-11-ge490571c62 (webtiles) character file.

Game seed: 924086644516770401

25 Bravepunisher the Ducker (level 2, 16/16 HPs)
             Began as a Spriggan Monk on Jan 26, 2024.
             Quit the game in the Ecumenical Temple.
             The game lasted 00:01:44 (426 turns).

Bravepunisher the Ducker (Spriggan Monk)             Turns: 426, Time: 00:01:45

Health: 16/16      AC:  2    Str:  7    XL:     2   Next: 86%
Magic:  3/3        EV: 19    Int: 11    God:
Gold:   20         SH:  0    Dex: 17    Spells: 1/1 levels left

rFire   . . .        a - +0 short sword
rCold   . . .        (no shield)
rNeg    . . .        b - +0 robe
rPois   .            (helmet restricted)
rElec   .            (no cloak)
rCorr   .            (gloves unavailable)
SInv    +            (boots unavailable)
Will    .....        (no amulet)
Stlth   ++           (no ring)
HPRegen 0.22/turn    (no ring)
MPRegen 0.08/turn

%: no passive effects
@: very quick
A: very small, no large weapons, unfitting armour, see invisible, speed 3
a: no special abilities


You were in the Ecumenical Temple.
You visited 2 branches of the dungeon, and saw 5 of its levels.

You collected 20 gold pieces.

Inventory:

Hand Weapons
 a - a +0 short sword (weapon)
Armour
 b - a +0 robe (worn)
Wands
 d - a wand of iceblast (5)
Scrolls
 g - a scroll of blinking {unknown}
Potions
 c - a potion of ambrosia
 e - a potion of curing {unknown}
 f - a potion of degeneration {unknown}
 h - a potion of might {unknown}


   Skills:
 * Level 3.1 Fighting
 - Level 3.2 Short Blades
 + Level 4.5 Dodging


You had one spell level left.
You didn't know any spells.
Your spell library was empty.

Dungeon Overview and Level Annotations

Branches:
Dungeon (6/15)             Temple (1/1) D:6

Altars:
Cheibriados
Dithmenos
Fedhas
Hepliaklqana
Qazlal
Ru
Sif Muna
Vehumet
Zin
The Shining One


Innate Abilities, Weirdness & Mutations

You are very small and have problems with some larger weapons.
You are too small for most types of armour.
You have supernaturally acute eyesight. (SInv)
You cover ground extremely quickly. (Speed+++)


Message History

The adder is severely wounded.
The adder closely misses you.
You miss the adder.
The adder is severely wounded.
The adder misses you.
You hit the adder.
The adder is almost dead.
The adder barely misses you. The adder closely misses you.
You hit the adder.
You kill the adder!
Your Fighting skill increases to level 3!
There is an open door here.
You enter the shallow water.
Moving in this stuff is going to be slow.
There is an open door here.
You see here a dart slug corpse.
Found a stone staircase leading down.
Found a stone staircase leading down.
A malevolent force fills the Dungeon...
You fall into a shaft and drop 3 floors!
The shaft crumbles and collapses.
Found a murky golden potion.
Found an escape hatch in the floor.
Found a stone staircase leading down.
e - a murky golden potion
There is a stone staircase leading down here.
Found a stone staircase leading down.
f - a glowing coppery potion
There is a stone staircase leading down here.
g - a scroll labelled UMANOS PEPRUE
Found a dagger.
You see here a +0 dagger.
h - a red potion
Found a staircase to the Ecumenical Temple.
An ice beast comes into view.
Found a robe.
There is a staircase to the Ecumenical Temple here.
You climb downwards.
Welcome to the Ecumenical Temple!
Found a sacrificial altar of Ru.
Found a staircase back to the Dungeon.
There is a staircase back to the Dungeon here.
Are you sure you want to abandon this character and quit the game? (Confirm with "yes".)

♣♣♣♣♣ ♣♣♣≈≈≈♣♣♣♣♣ ♣
♣≈≈≈≈≈≈~~~♣♣♣ ♣♣♣
♣♣≈≈≈~≈~~~~~~♣♣♣ ♣♣♣~~
♣≈≈≈§~...~.~~~~♣♣ ♣♣~~~.
♣≈≈≈≈~......♣~~~♣♣♣~~...
♣♣≈≈§..@..♣♣♣..~.....♣..
♣≈≈≈..~.♣...~~~.._...~♣
♣♣≈~≈..♣.._..~~........
♣♣≈~♣♣♣......~.♣....♣.
♣♣≈~..♣....~..♣♣.....
♣≈~~......_.♣♣~..~.~
♣♣≈≈~....~...♣..♣..~.
♣♣≈≈≈~.......♣♣.......
♣≈≈≈≈..♣.....~...♣....


There were no monsters in sight!

Vanquished Creatures
  2 adders (D:3)
  A dart slug (D:3)
  A ball python (D:3)
  An endoplasm (D:3)
  A hobgoblin (D:3)
6 creatures vanquished.

Notes
Turn   | Place    | Note
-------+----------+-------------------------------------------
     0 | D:1      | Bravepunisher the Spriggan Monk began the quest for the
                  | Orb.
     0 | D:1      | Reached XP level 1. HP: 11/11 MP: 2/2
   136 | D:3      | Found a shimmering blue altar of Sif Muna.
   171 | D:3      | Reached XP level 2. HP: 11/16 MP: 3/3
   349 | D:3      | You fall into a shaft and drop 3 floors!
   416 | D:6      | Found a staircase to the Ecumenical Temple.
   418 | D:6      | Noticed an ice beast
   425 | Temple   | Entered the Ecumenical Temple
   426 | Temple   | Quit the game

Illustrated notes

Levels and vault maps discovered:
D:1:      amcnicky_arrival_flooded_fountain, layout_loops_corners
D:2:      layout_basic
D:3:      layout_loops_ring, led_sif_pool, lemuel_round_altar
D:6:      layout_loops_ring, minmay_temple_entry_drinking_statues, corexii_shack
Temple:   nicolae_temple_bog_church

Skill      XL: |  1  2 |
---------------+-------+-----
Fighting       | 3 |  3.1
Short Blades   | |  3.2
Dodging        | |  4.5

Action                     || total
---------------------------++-------
  Melee: Short sword       ||    42
   Stab: Sleeping          ||     1
 Armour: Robe              ||     8
  Dodge: Dodged            ||    32
